 Dungeon Crawl Stone Soup version 0.29.1-14-g9c671dbff4 (webtiles) character file.

Game seed: 142606172382744262

325 leafyfresh the Covert (level 6, -1/53 HPs)
             Began as a Gnoll Delver on Feb 13, 2023.
             Was a Plaything of Xom.
             Slain by a centaur skeleton (2 damage)
             ... on level 3 of the Dungeon.
             The game lasted 00:04:07 (1992 turns).

leafyfresh the Covert (Gnoll Delver)                Turns: 1992, Time: 00:04:08

Health: -1/53      AC:  3    Str:  8 (11) XL:     6   Next: 48%
Magic:  9/9        EV: 13    Int:  6 (9)  God:    Xom [.*....]
Gold:   58         SH:  0    Dex: 14 (16) Spells: 9/9 levels left

rFire   . . .      SeeInvis .   m - +2 scythe (freeze)
rCold   . . .      Faith    .   (shield currently unavailable)
rNeg    . . .      Spirit   .   b - +0 leather armour
rPois   .          Reflect  .   (no helmet)
rElec   .          Harm     .   (no cloak)
rCorr   .          Rampage  .   (no gloves)
Will    .....                   (no boots)
Stlth   ++++......              h - amulet of the acrobat
HPRegen 0.17/turn               (no ring)
MPRegen 0.11/turn               (no ring)

@: no status effects
A: fangs 1, strong nose, distributed training
a: Renounce Religion


You were on level 3 of the Dungeon.
You worshipped Xom.
You were a plaything of Xom.
You visited 1 branch of the dungeon, and saw 3 of its levels.

You collected 58 gold pieces.

Inventory:

Hand Weapons
 a - a +0 spear
 m - a +2 scythe of freezing (weapon)
Armour
 b - a +0 leather armour (worn)
Jewellery
 h - an amulet of the acrobat (around neck)
Wands
 g - a wand of digging (3)
 i - a wand of acid (7)
 l - a wand of roots (13)
Scrolls
 c - a scroll of fog
 e - a scroll of fear
 k - a scroll of teleportation {unknown}
 n - a scroll of poison {unknown}
 o - 2 scrolls of identify {unknown}
 p - a scroll of amnesia {unknown}
 q - a scroll of magic mapping
Potions
 f - a potion of haste


   Skills:
 + Level 6.9 Fighting
 + Level 2.1 Short Blades
 + Level 2.1 Long Blades
 + Level 2.1 Axes
 + Level 2.1 Maces & Flails
 + Level 5.0 Polearms
 + Level 2.1 Staves
 + Level 2.1 Ranged Weapons
 + Level 2.1 Throwing
 + Level 2.1 Armour
 + Level 5.0 Dodging
 + Level 9.8 Stealth
 + Level 2.1 Shields
 + Level 2.1 Unarmed Combat
 + Level 2.1 Spellcasting
 + Level 1.6 Conjurations
 + Level 1.6 Hexes
 + Level 1.6 Summonings
 + Level 1.6 Necromancy
 + Level 1.6 Translocations
 + Level 1.6 Transmutations
 + Level 1.6 Fire Magic
 + Level 1.6 Ice Magic
 + Level 1.6 Air Magic
 + Level 1.6 Earth Magic
 + Level 1.6 Poison Magic
 + Level 2.3 Invocations
 + Level 2.1 Evocations


You had 9 spell levels left.
You didn't know any spells.
Your spell library was empty.

Dungeon Overview and Level Annotations

Branches:
Dungeon (5/15)
 Temple: D:4-7

Altars:
Elyvilon
Nemelex Xobeh
Qazlal
Vehumet
Xom

Annotations:
D:3 Tang's ghost, amateur HOMo


Innate Abilities, Weirdness & Mutations

You have very sharp teeth.
Your uncanny sense of smell can sniff out nearby items.
Your experience applies equally to all skills.


Message History

You puncture the bullfrog zombie!
The bullfrog zombie is almost destroyed.
The centaur skeleton hits you but does no damage.
The centaur skeleton kicks you.
* * * LOW HITPOINT WARNING * * *
The bullfrog zombie closely misses you. The centaur skeleton hits you.
* * * LOW HITPOINT WARNING * * *
The centaur skeleton kicks you but does no damage.
It was a potion of curing.
You feel better.
Xom is amused.
The bullfrog zombie closely misses you. The centaur skeleton barely misses you.
The centaur skeleton closely misses you.
The bullfrog zombie hits you.
* * * LOW HITPOINT WARNING * * *
You feel better. The centaur skeleton misses you.
The centaur skeleton closely misses you.
The bullfrog zombie hits you but does no damage.
The centaur skeleton barely misses you. The centaur skeleton misses you.
Unknown command.
It was a potion of degeneration.
There was something very wrong with that liquid.
You feel weakened.
You feel dopey.
You feel clumsy. The bullfrog zombie hits you.
* * * LOW HITPOINT WARNING * * *
The centaur skeleton hits you.
* * * LOW HITPOINT WARNING * * *
The centaur skeleton closely misses you.
Unknown command.
Okay, then.
You slash the bullfrog zombie!
You destroy the bullfrog zombie!
The centaur skeleton barely misses you. The centaur skeleton misses you.
Unknown command.
You barely miss the howler monkey zombie.
The centaur skeleton hits you but does no damage.
The centaur skeleton misses you. The howler monkey zombie hits you.
* * * LOW HITPOINT WARNING * * *
The centaur skeleton hits you.
You die...
Xom laughs nastily!

#.# #.########.#
####################.#.....##.#
#....W.###.#.#.#...........##.#
###.####...#.....#.###.#.##..#...
....# #...'...$##.# #.#.##......
##### ##...'...(.#.###.#.....#...
#....'....##.....####.###.#
#.#..#...ZZ#.######........
#.####.#.#@#.# #.#####.# #.#
########[# #.# ##+# ♣# #.# #.####
#.# ##>.. P## #.###
#....###'###.... ..# ##...#
#...##.....##...
~.####....########...#.......#...
♣.'............(.....#.......#...
..####....#########..'..._...'...
.## ##.#.# #..#.......#...


You could see a howler monkey zombie and a centaur skeleton.

Vanquished Creatures
  Sigmund (D:3)
  A scorpion (D:3)
  A bullfrog zombie (D:3)
  A killer bee zombie (D:3)
  2 adders
  3 worms (D:3)
  2 orcs
  2 ball pythons (D:3)
  An endoplasm (D:3)
  3 giant cockroaches (D:3)
  3 goblins (D:3)
  4 hobgoblins
  2 kobolds (D:3)
  A quokka (D:3)
  2 bats (D:3)
  A rat (D:3)
30 creatures vanquished.

Notes
Turn   | Place    | Note
-------+----------+-------------------------------------------
     0 | D:5      | Reached skill level 9 in Stealth
     0 | D:5      | leafyfresh the Gnoll Delver began the quest for the Orb.
     0 | D:5      | Reached XP level 1. HP: 23/23 MP: 1/1
    15 | D:5      | Noticed a hound
    15 | D:5      | Noticed an orc wizard
    15 | D:5      | Noticed an orc wizard
   117 | D:5      | Noticed an iguana
   130 | D:4      | Reached XP level 2. HP: 17/29 MP: 2/2
   154 | D:4      | Noticed a necrophage
   172 | D:4      | Noticed a scorpion
   405 | D:3      | Found a radiant altar of Vehumet.
   519 | D:3      | Found a runed translucent gate.
   519 | D:3      | Found a runed translucent gate.
   519 | D:3      | Found a runed translucent gate.
   522 | D:3      | Noticed Tang's ghost (amateur HOMo)
   537 | D:3      | Found a sparkling altar of Nemelex Xobeh.
   538 | D:3      | Found a white marble altar of Elyvilon.
   555 | D:3      | Found a shimmering altar of Xom.
   558 | D:3      | Found a stormy altar of Qazlal.
   562 | D:3      | Became a worshipper of Xom of Chaos
   615 | D:3      | XOM: silly message
   632 | D:3      | Reached XP level 3. HP: 22/35 MP: 3/3
   797 | D:3      | Noticed Sigmund
   802 | D:3      | XOM: silly message
   811 | D:3      | XOM: butterfly on damage
   815 | D:3      | Killed Sigmund
   816 | D:3      | Reached skill level 1 in Short Blades
   816 | D:3      | Reached skill level 1 in Long Blades
   816 | D:3      | Reached skill level 1 in Axes
   816 | D:3      | Reached skill level 1 in Maces & Flails
   816 | D:3      | Reached skill level 1 in Staves
   816 | D:3      | Reached skill level 1 in Ranged Weapons
   816 | D:3      | Reached skill level 1 in Throwing
   816 | D:3      | Reached skill level 1 in Armour
   816 | D:3      | Reached skill level 1 in Shields
   816 | D:3      | Reached skill level 1 in Unarmed Combat
   816 | D:3      | Reached skill level 1 in Spellcasting
   816 | D:3      | Reached skill level 1 in Conjurations
   816 | D:3      | Reached skill level 1 in Hexes
   816 | D:3      | Reached skill level 1 in Summonings
   816 | D:3      | Reached skill level 1 in Necromancy
   816 | D:3      | Reached skill level 1 in Translocations
   816 | D:3      | Reached skill level 1 in Transmutations
   816 | D:3      | Reached skill level 1 in Fire Magic
   816 | D:3      | Reached skill level 1 in Ice Magic
   816 | D:3      | Reached skill level 1 in Air Magic
   816 | D:3      | Reached skill level 1 in Earth Magic
   816 | D:3      | Reached skill level 1 in Poison Magic
   816 | D:3      | Reached skill level 1 in Invocations
   816 | D:3      | Reached skill level 1 in Evocations
   816 | D:3      | Reached XP level 4. HP: 13/41 MP: 3/6
   816 | D:3      | Reached XP level 5. HP: 15/47 MP: 3/7
  1085 | D:3      | XOM: 4-stop teleportation journey
  1159 | D:3      | Reached XP level 6. HP: 37/53 MP: 8/8
  1655 | D:3      | Reached skill level 5 in Polearms
  1655 | D:3      | Reached skill level 5 in Dodging
  1970 | D:3      | XOM: swap monsters
  1992 | D:3      | HP: 1/53 [howler monkey zombie (5)]
  1992 | D:3      | Slain by a centaur skeleton

Illustrated notes

Levels and vault maps discovered:
D:3:      minmay_razor_zed, layout_loops_corners, grunt_temple_overflow_open,
          nicolae_vehumet_altar_sigil, nicolae_overflow_squiral,
          gammafunk_ghost_necromancy, serial_bayou_crossing, uniq_sigmund
D:4:      layout_basic, serial_shops, shop, cheibrodos_sewer_entry_drain
D:5:      layout_layer_cave, slow_altar_1

Skill      XL: |  1  2  3  4  5  6 |
---------------+-------------------+-----
Stealth        | |  9.8
Short Blades   | 1 2 |  2.1
Long Blades    | 1 2 |  2.1
Axes           | 1 2 |  2.1
Maces & Flails | 1 2 |  2.1
Staves         | 1 2 |  2.1
Ranged Weapons | 1 2 |  2.1
Throwing       | 1 2 |  2.1
Armour         | 1 2 |  2.1
Shields        | 1 2 |  2.1
Unarmed Combat | 1 2 |  2.1
Spellcasting   | 1 2 |  2.1
Conjurations   | 1 |  1.6
Hexes          | 1 |  1.6
Summonings     | 1 |  1.6
Necromancy     | 1 |  1.6
Translocations | 1 |  1.6
Transmutations | 1 |  1.6
Fire Magic     | 1 |  1.6
Ice Magic      | 1 |  1.6
Air Magic      | 1 |  1.6
Earth Magic    | 1 |  1.6
Poison Magic   | 1 |  1.6
Invocations    | 1 2 |  2.3
Evocations     | 1 2 |  2.1
Polearms       | 5 |  5.0
Dodging        | 5 |  5.0
Fighting       | |  6.9

Action                   |  1- 3 |  4- 6 || total
-------------------------+-------+-------++-------
Melee: Spear             |    54 |       ||    54
       Bite              |     2 |     6 ||     8
       Punch             |     1 |       ||     1
       Halberd           |       |    49 ||    49
  Use: Scroll            |     1 |       ||     1
       Potion            |       |     3 ||     3
 Stab: Sleeping          |     7 |     9 ||    16
Armor: Leather armour    |     4 |    12 ||    16
Dodge: Dodged            |    35 |    75 ||   110
